 Dungeon Crawl Stone Soup version 0.21-a0-72-gbbb65ab (webtiles) character file.

446 grindst0ne the Shield-Bearer (level 7, -8/56 HPs)
             Began as a Formicid Fighter on June 20, 2017.
             Killed by nerve-wracking pain
             ... invoked by an orc priest
              (13 damage)
             ... on level 4 of the Dungeon.
             The game lasted 00:04:46 (2957 turns).

grindst0ne the Shield-Bearer (Formicid Fighter)     Turns: 2957, Time: 00:04:47

Health: -8/56      AC: 12    Str: 20    XL:     7   Next: 24%
Magic:  7/7        EV:  6    Int:  8    God:
Gold:   200        SH: 10    Dex: 12    Spells: 6/6 levels left

rFire    . . .     SeeInvis +   a - +0 war axe
rCold    . . .     Gourm    .   c - +0 shield
rNeg     . . .     Faith    .   x - +0 chain mail
rPois    .         Spirit   .   (helmet unavailable)
rElec    .         Reflect  .   (no cloak)
rCorr    .         Harm     .   o - +0 pair of gloves
MR       .....                  l - +0 pair of boots
Stlth    ..........             (no amulet)
HPRegen  0.18/turn              (no ring)
MPRegen  0.10/turn              (no ring)

@: lethally poisoned (-8 -> -10)
A: permanent stasis, dig shafts and tunnels, four strong arms, antennae 3
a: Dig, Shaft Self


You were on level 4 of the Dungeon.
You were hungry.

You visited 1 branch of the dungeon, and saw 4 of its levels.

You collected 200 gold pieces.

Inventory:

Hand Weapons
 a - a +0 war axe (weapon)
Armour
 b - a +0 scale mail
 c - a +0 shield (worn)
 l - a +0 pair of boots (worn)
 o - a +0 pair of gloves (worn)
 x - a +0 chain mail (worn)
Jewellery
 y - an uncursed ring of positive energy {unknown}
Scrolls
 e - 6 scrolls of teleportation {unknown}
 h - 2 scrolls of remove curse {unknown}
 i - a scroll of random uselessness {unknown}
 j - a scroll of fear {unknown}
 p - 2 scrolls of identify {unknown}
 q - 2 scrolls of enchant weapon {unknown}
 w - a scroll of enchant armour {unknown}
 z - a scroll of amnesia {unknown}
Potions
 d - 2 potions of magic {unknown}
 m - 2 potions of resistance {unknown}
 n - a potion of lignification {unknown}
 r - 2 potions of haste {unknown}
 s - 3 potions of curing {unknown}
 u - a potion of flight {unknown}
 v - a potion of might
Comestibles
 f - 2 bread rations
 k - a royal jelly
 t - 4 meat rations


   Skills:
 + Level 5.3 Fighting
 - Level 2.0 Axes
 + Level 5.6 Armour
 + Level 6.1 Shields


You had 6 spell levels left.
You didn't know any spells.

Dungeon Overview and Level Annotations

Branches:
Dungeon (4/15)
 Temple: D:4-7

Altars:
Kikubaaqudgha
Nemelex Xobeh


Innate Abilities, Weirdness & Mutations

You cannot be hasted, slowed, berserked, paralysed or teleported.
You can dig through walls and to a lower floor.
Your four strong arms can wield two-handed weapons with a shield.
You have a pair of large antennae on your head. (SInv)


Message History

* * * LOW HITPOINT WARNING * * *
You slash the orc priest!
The orc priest is severely wounded.
You feel sick. You block the orc priest's attack.
You hit the orc priest.
The orc priest is almost dead.
The orc priest invokes the aid of Beogh against you.
Pain shoots through your body!
* * * LOW HITPOINT WARNING * * *
You closely miss the orc wizard.
The orc wizard is severely wounded.
You feel sick.
You slash the orc wizard!
You kill the orc wizard!
Your chain mail prevents you from hitting the orc priest.
The orc priest is almost dead.
The orc priest looks satisfied for a moment.
The orc priest mumbles some strange prayers to Beogh against you.
Pain shoots through your body!
You die...

#. ?.#... #.
##+#........ #.
#.....#...#.. #.#
#............. ..
#..oo.......#.# #.
#.....?.. .....
#.###....# .# #.#..
#.@#.#'##♣≈≈#.#....
#.#o#..#≈♣≈♣≈.#....
#..##.≈≈♣≈≈P♣ ....#
##. #P♣≈≈≈≈≈♣≈♣♣..#
#.##♣≈≈P≈PPP≈♣♣...
#.#♣PP≈≈≈≈≈PP♣♣...
#.#♣♣≈♣P≈≈♣≈≈P♣P..
#.#≈≈≈≈PPP≈P♣≈≈♣.#
#.#≈≈≈≈P≈≈≈≈P♣≈♣..


You could see an orc priest.

Vanquished Creatures
  An ogre (D:3)
  2 orc priests
  4 orc wizards
  A howler monkey skeleton (D:4)
  6 adders
  3 oozes
  5 worms
  3 leopard geckos
  11 orcs
  4 giant cockroaches
  7 hobgoblins
  8 jackals (D:2)
  4 kobolds
  7 quokkas (D:3)
  A ball python (D:1)
  11 bats
  2 frilled lizards
  4 goblins
  5 rats
89 creatures vanquished.

Notes
Turn   | Place    | Note
-------+----------+-------------------------------------------
     0 | D:1      | grindst0ne the Formicid Fighter began the quest for the Orb.
     0 | D:1      | Reached XP level 1. HP: 18/18 MP: 1/1
    95 | D:1      | Reached XP level 2. HP: 21/24 MP: 2/2
   311 | D:1      | Reached skill level 4 in Shields
   487 | D:1      | Reached XP level 3. HP: 29/29 MP: 3/3
   986 | D:2      | Reached XP level 4. HP: 34/37 MP: 4/4
  1223 | D:2      | Found an ancient bone altar of Kikubaaqudgha.
  1270 | D:2      | Found a sparkling altar of Nemelex Xobeh.
  1446 | D:3      | Reached skill level 5 in Shields
  1446 | D:3      | Reached XP level 5. HP: 38/42 MP: 5/5
  1746 | D:3      | Noticed an ogre
  1753 | D:3      | Killed an ogre
  1753 | D:3      | Reached XP level 6. HP: 31/49 MP: 6/6
  1930 | D:3      | Reached skill level 5 in Armour
  2612 | D:3      | Reached skill level 5 in Fighting
  2750 | D:4      | Reached skill level 6 in Shields
  2750 | D:4      | Reached XP level 7. HP: 40/56 MP: 7/7
  2957 | D:4      | Killed from afar by an orc priest

Vault maps used:
D:1:      scummos_arrival_hexagon, nrook_mini_backslash, chequers_big_river
D:2:      lemuel_crystal_altar, nemelex_dance_club_becter
D:3:      kennysheep_generic_room_9
D:4:      serial_bayou_lake_a

Skill      XL: |  1  2  3  4  5  6 |
---------------+-------------------+-----
Shields        | 4 5 6 |  6.1
Armour         | 4 5 |  5.6
Fighting       | 4 5 |  5.3
Axes           | |  2.0

Action                   |  1- 3 |  4- 6 |  7- 9 || total
-------------------------+-------+-------+-------++-------
Melee: War axe           |   114 |   220 |    18 ||   352
 Abil: Dig               |       |       |     1 ||     1
  Use: Potion            |       |     1 |       ||     1
  Eat: Chunk             |     1 |     6 |       ||     7
Armor: Scale mail        |    69 |    92 |       ||   161
       Chain mail        |       |    25 |     2 ||    27
Dodge: Dodged            |    44 |   116 |     2 ||   162
Block: Shield            |    79 |   152 |     6 ||   237
